 Dungeon Crawl Stone Soup version 0.32-a0-30-gefbe487952 (webtiles) character file.

Game seed: 258288111731035966

1374 p00ps00p the Chopper (level 8, -1/109 HPs)
             Began as a Hill Orc Fighter on Jan 19, 2024.
             Succumbed to an orc wizard's poison
             ... on level 4 of the Dungeon.
             The game lasted 00:06:31 (4077 turns).

p00ps00p the Chopper (Hill Orc Fighter)             Turns: 4077, Time: 00:06:32

Health: -1/109     AC: 11    Str: 27    XL:     8   Next: 66%
Magic:  8/8        EV:  8    Int: 13    God:
Gold:   170        SH:  5    Dex: 10    Spells: 7/7 levels left

rFire   . . .        o - +2 hand axe (elec)
rCold   . . .        c - +0 buckler
rNeg    . . .        m - +0 chain mail
rPois   .            (no helmet)
rElec   +            j - +0 cloak
rCorr   .            (no gloves)
SInv    .            (no boots)
Will    +....        (no amulet) Stlth
                     f - ring "Putoot" {rElec Will+ Str+6 Int+5 Stlth+}
HPRegen 0.38/turn    (no ring)
MPRegen 0.11/turn

%: no passive effects
@: berserking, lethally poisoned (-1 -> -11), very quick
A: no striking features
a: no special abilities


You were on level 4 of the Dungeon.
You visited 1 branch of the dungeon, and saw 4 of its levels.

You collected 170 gold pieces.

Inventory:

Hand Weapons
 a - a +0 war axe
 o - a +2 hand axe of electrocution (weapon)
Missiles
 e - 9 poisoned darts
 n - 6 curare-tipped darts (quivered)
Armour
 b - a +0 scale mail
 c - a +0 buckler (worn)
 j - a +0 cloak (worn)
 m - a +0 chain mail (worn)
Jewellery
 f - the ring "Putoot" (left hand) {rElec Will+ Str+6 Int+5 Stlth+}
   (You acquired it on level 1 of the Dungeon)

   [ring of strength]

   Str+6:     It affects your strength (+6).
   Int+5:     It affects your intelligence (+5).
   rElec:     It insulates you from electricity.
   Will+:     It increases your willpower.
   Stlth+:    It makes you more stealthy.
 g - an amulet of regeneration
Potions
 h - a potion of enlightenment
 k - a potion of mutation {unknown}
 l - a potion of cancellation {unknown}


   Skills:
 + Level 7.1 Fighting
 + Level 7.3 Axes
 + Level 6.5 Armour
 + Level 6.5 Shields


You had 7 spell levels left.
You didn't know any spells.
Your spell library contained the following spells:

 Spells                   Type           Power      Damage    Failure   Level
 Summon Forest            Summ/Tloc      0%         N/A       100%        5
 Eringya's Noxious Bog    Alch           0%         4d6       100%        6
 Summon Hydra             Summ           0%         N/A       100%        7


Dungeon Overview and Level Annotations

Branches:
Dungeon (4/15)
 Temple: D:4-7

Altars:
Makhleb
Xom

Annotations:
D:4 Dowan


Message History

Dowan casts a spell at you. The shard of ice misses you.
Something completely misses you.
Things that are here:
a +0 short sword; a +0 leather armour; the elf corpse of Duvessa You barely miss something.
You feel sick. Something hits you but does no damage.
You are more poisoned.
You closely miss something.
You feel sick. Something hits you.
* * * LOW HITPOINT WARNING * * *
You are more poisoned.
Okay, then.
As you read the scroll of teleportation, it crumbles to dust.
You feel strangely unstable.
You feel very sick. Something hits you but does no damage.
You are lethally poisoned!
* * * LOW HITPOINT WARNING * * *
You feel very sick. Something hits you but does no damage.
You are more poisoned.
* * * LOW HITPOINT WARNING * * *
You feel very sick.
Your surroundings suddenly seem different.
* * * LOW HITPOINT WARNING * * *
You feel very sick.
Dowan gestures wildly while chanting.
Dowan blinks!
It was a potion of berserk rage.
A red film seems to cover your vision as you go berserk!
You feel yourself moving faster!
You feel mighty!
* * * LOW HITPOINT WARNING * * *
You feel very sick.
You miss Dowan.
* * * LOW HITPOINT WARNING * * *
You feel very sick. Dowan completely misses you.
You hit Dowan.
Dowan is moderately wounded.
You barely miss something.
You die...

#.##########.#..
#.## ##.#
#.#.##...## ...#
#.#.#..... #
####
#.#........#
#.#.........
#)#.[......#
#.ยง.......#
###.e#...###
#...@.......
#.###.###### ...
.#... .#.#.# .#
# # .. .#


You could see Dowan (fast).

Vanquished Creatures
  Sigmund (D:3)
  6 yaks (D:3)
  Duvessa (D:4)
  A jelly (D:4)
  2 orc priests
  6 adders
  3 dart slugs
  4 ribbon worms
  16 orcs
  3 bats
  8 endoplasms
  3 giant cockroaches
  9 goblins
  8 hobgoblins
  3 jackals (D:1)
  4 kobolds
  A quokka (D:3)
  4 ball pythons
  2 frilled lizards
  3 rats (D:2)
88 creatures vanquished.

Notes
Turn   | Place    | Note
-------+----------+-------------------------------------------
     0 | D:1      | p00ps00p the Hill Orc Fighter began the quest for the Orb.
     0 | D:1      | Reached XP level 1. HP: 19/19 MP: 1/1
   209 | D:1      | Reached XP level 2. HP: 21/27 MP: 2/2
   487 | D:1      | Reached XP level 3. HP: 33/33 MP: 3/3
   645 | D:1      | Identified a scroll of acquirement
   646 | D:1      | Acquired the ring "Putoot" {rElec Will+ Str+6 Int+5 Stlth+}
   827 | D:2      | Identified the +1 leather armour "Fedghueka" {rC- Str+5}
  1197 | D:2      | Reached XP level 4. HP: 38/40 MP: 4/4
  1803 | D:3      | Reached XP level 5. HP: 15/47 MP: 5/5
  2126 | D:3      | Identified the +0 robe of Eternal Vigilance {Str+2}
  2249 | D:3      | Noticed Sigmund
  2262 | D:3      | Killed Sigmund
  2263 | D:3      | Reached skill level 5 in Fighting
  2263 | D:3      | Reached XP level 6. HP: 28/56 MP: 6/6
  2620 | D:4      | Noticed a yak
  2621 | D:4      | Noticed a yak
  2622 | D:4      | Noticed a yak
  2624 | D:4      | Noticed a yak
  2625 | D:4      | Noticed a yak
  2626 | D:4      | Noticed a yak
  2642 | D:3      | Killed a yak
  2643 | D:3      | Reached skill level 5 in Axes
  2643 | D:3      | Reached skill level 5 in Armour
  2643 | D:3      | Reached skill level 5 in Shields
  2643 | D:3      | Reached XP level 7. HP: 29/61 MP: 7/7
  2644 | D:3      | Killed a yak
  2652 | D:3      | Killed a yak
  2737 | D:3      | Killed a yak
  2738 | D:3      | Reached XP level 8. HP: 17/71 MP: 8/8
  2745 | D:3      | Killed a yak
  3423 | D:3      | Killed a yak
  3962 | D:4      | Found a shimmering altar of Xom.
  3964 | D:4      | Found a burning altar of Makhleb.
  4037 | D:4      | Noticed Dowan
  4038 | D:4      | Noticed Duvessa
  4056 | D:4      | Killed Duvessa
  4075 | D:4      | HP: 3/109 [poisoned by an orc wizard]
  4076 | D:4      | HP: 1/109 [poisoned by an orc wizard]
  4077 | D:4      | Succumbed to an orc wizard's poison

Illustrated notes

Levels and vault maps discovered:
D:1:      lemuel_arrival_behind_the_door_small, layout_loops_ring
D:2:      layout_loops_corners, minmay_misc_feat_nine_boxes
D:3:      layout_rooms, uniq_sigmund
D:4:      layout_loops_ring, nicolae_overflow_hallway_of_the_gods, uniq_duvessa

Skill      XL: |  1  2  3  4  5  6  7  8 |
---------------+-------------------------+-----
Axes           | 3 4 5 6 7 |  7.3
Fighting       | 4 5 6 7 |  7.1
Shields        | 4 5 6 |  6.5
Armour         | 4 5 6 |  6.5

Action                     |  1- 3 |  4- 6 |  7- 9 || total
---------------------------+-------+-------+-------++-------
  Melee: War axe           |   100 |    83 |       ||   183
         Hand axe          |       |     6 |    77 ||    83
  Throw: Dart              |    10 |       |       ||    10
    Use: Scroll            |     4 |     6 |     1 ||    11
         Potion            |       |     4 |     4 ||     8
 Armour: Scale mail        |    70 |    60 |       ||   130
         Chain mail        |       |    14 |    61 ||    75
  Dodge: Dodged            |    46 |    42 |    32 ||   120
  Block: Buckler           |    31 |    19 |     8 ||    58

Table legend: (Time is in decaauts)
 A = Elapsed time spent in this place.
 B = Non-inter-level travel time spent in this place.
 C = Inter-level travel time spent in this place.
 D = Time resting spent in this place.
 E = Time spent auto-exploring this place.
 F = Levels seen in this place.
 G = Mean time per level.
                   A        B        C        D        E       F      G
               +--------+--------+--------+--------+--------+-----+--------+
         Total |   4143 |   4008 |    135 |   1138 |   2182 |   4 | 1035.8 |
       Dungeon |   4143 |   4008 |    135 |   1138 |   2182 |   4 | 1035.8 |
               +--------+--------+--------+--------+--------+-----+--------+

Top non-repeatable levels by time:
     D:3: 2120 daAuts
     D:2: 984 daAuts
     D:1: 750 daAuts
     D:4: 288 daAuts
